AoeStats
← Simonfrnz

Black Forest

508972958Analyzed
2v2 RM · 8d ago on Sep 24, 2026· 66m 12s· 4 players
Game mode
Random Map
Map size
Medium (4 player)
Population
200
Speed
Normal
Resources
Standard
Victory
Conquest
Starting age
Dark Age
Ending age
Imperial Age
RankedLock teamsTeams togetherTeam positionsShared explorationLock speedFull tech treeHidden civsTurbo modeCheats
Victory
Defeat
🇳🇿 Teutons · New Zealand
1033
+11
🇲🇽 Italians · Mexico
968
+14
🇱🇹 Celts · Lithuania
930
-13
🇱🇹 Burgundians · Lithuania
920
-12
Simonfrnz
0:31 Loom
12:02 Feudal Age
12:28 Double-Bit Axe
16:21 Castle Age
15:19 Horse Collar
17:27 Bow Saw
17:20 Heavy Plow
18:54 Wheelbarrow
23:08 Hand Cart
25:19 Town Watch
29:34 Imperial Age
28:39 Gold Mining
29:27 Forging
29:18 Scale Mail Armor
30:55 Ironclad
30:43 Squires
30:29 Arson
31:51 Conscription
33:59 Two-Man Saw
33:33 Crop Rotation
32:27 Pikeman
33:52 Iron Casting
33:33 Chain Mail Armor
33:04 Onager
35:16 Caravan
36:24 Blast Furnace
35:12 Capped Ram
38:04 Chemistry
37:24 Ballistics
37:11 Siege Engineers
37:17 Masonry
40:12 Plate Mail Armor
39:39 Halberdier
41:34 Siege Onager
41:39 Heavy Scorpion
48:19 Fletching
48:30 Padded Archer Armor
49:08 Stone Mining
53:32 Crenellations
54:05 Bodkin Arrow
54:25 Leather Archer Armor
62:57 Ring Archer Armor
Legatus
10:23 Feudal Age
11:04 Double-Bit Axe
19:04 Castle Age
17:57 Fletching
18:53 Gold Mining
19:09 Padded Archer Armor
22:07 Wheelbarrow
21:17 Horse Collar
21:44 Crossbowman
25:36 Town Watch
32:01 Imperial Age
30:17 Bow Saw
32:35 Arbalester
34:00 Thumb Ring
34:59 Forging
37:15 Conscription
37:59 Bodkin Arrow
38:22 Leather Archer Armor
38:23 Scale Mail Armor
38:11 Arson
38:37 Stone Mining
39:08 Heavy Plow
40:09 Bracer
40:40 Ring Archer Armor
40:10 Murder Holes
41:16 Squires
42:02 Town Patrol
42:18 Hand Cart
43:19 Chemistry
42:40 Ballistics
43:10 Chain Mail Armor
43:31 Iron Casting
44:00 Iron Casting
44:51 Masonry
46:44 Plate Mail Armor
47:16 Blast Furnace
47:40 Scale Barding Armor
48:27 Architecture
48:10 Fortified Wall
51:33 Pikeman
54:37 Two-Man Saw
54:11 Chain Barding Armor
54:35 Caravan
55:05 Coinage
56:07 Stone Shaft Mining
58:55 Husbandry
59:06 Bloodlines
58:16 Light Cavalry
61:10 Hussar
61:54 Onager
65:16 Crop Rotation
67:07 Bombard Tower
Tadas Blinda
0:26 Loom
14:45 Feudal Age
15:47 Double-Bit Axe
15:44 Horse Collar
20:01 Castle Age
18:16 Stone Mining
22:29 Heavy Plow
24:45 Bow Saw
25:02 Gold Mining
28:47 Caravan
30:14 Ballistics
31:30 Wheelbarrow
30:43 Town Watch
31:38 Town Patrol
36:51 Imperial Age
36:23 Forging
36:43 Scale Barding Armor
36:40 Scale Mail Armor
36:58 Capped Ram
38:45 Coinage
38:26 Guilds
39:02 Stone Shaft Mining
38:34 Husbandry
39:07 Conscription
39:32 Heavy Scorpion
40:51 Hand Cart
42:33 Chemistry
43:07 Banking
44:15 Siege Engineers
44:33 Chain Barding Armor
44:49 Iron Casting
44:05 Fletching
44:41 Furor Celtica
45:16 Onager
46:20 Stronghold
46:56 Siege Ram
47:29 Sappers
49:06 Gold Shaft Mining
51:20 Siege Onager
54:09 Hoardings
60:05 Cavalier
61:21 Paladin
62:28 Light Cavalry
dondai
0:31 Loom
8:18 Double-Bit Axe
11:32 Feudal Age
16:41 Castle Age
16:28 Wheelbarrow
19:09 Bow Saw
24:13 Forging
24:08 Scale Barding Armor
24:24 Husbandry
25:45 Cavalier
28:36 Hand Cart
34:16 Imperial Age
33:23 Iron Casting
33:08 Chain Barding Armor
34:02 Caravan
34:32 Coinage
35:14 Horse Collar
37:02 Banking
35:55 Paladin
38:01 Blast Furnace
39:35 Banking
39:11 Onager
41:12 Plate Barding Armor
43:13 Chemistry
42:39 Ballistics
45:39 Town Watch
47:13 Two-Man Saw
46:21 Heavy Plow
65:03 Capped Ram
Connection lost

Rejoining the realm…

Still unreachable

The connection could not be restored.

Session expired

The server has moved on; the page needs a fresh start.